 Dungeon Crawl Stone Soup version 0.25.1-2-g60ff931df9 (webtiles) character file.

Game seed: 4172590215503464949

315 pokeman the Magician (level 6, 0/34 HPs)
             Began as a Deep Elf Wizard on Nov 11, 2020.
             Was an Initiate of Vehumet.
             Succumbed to poison (a dart trap)
             ... in an ossuary.
             The game lasted 00:07:53 (4460 turns).

pokeman the Magician (Deep Elf Wizard)              Turns: 4460, Time: 00:07:54

Health: 0/34       AC:  3    Str:  4    XL:     6   Next: 20%
Magic:  3/17       EV: 12    Int: 25    God:    Vehumet [......]
Gold:   156        SH:  0    Dex: 13    Spells: 7/18 levels left

rFire    . . .     SeeInvis .   k - -3 short sword (curse)
rCold    . . .     Gourm    .   (no shield)
rNeg     . . .     Faith    .   v - +0 leather armour
rPois    .         Spirit   .   b - +0 hat
rElec    .         Reflect  .   (no cloak)
rCorr    .         Harm     .   (no gloves)
MR       .....                  (no boots)
Stlth    ++........             (no amulet)
HPRegen  0.11/turn              (no ring)
MPRegen  0.15/turn              (no ring)

@: mighty, lethally poisoned (0 -> -11)
A: no striking features
a: Renounce Religion


You were in an ossuary.
You worshipped Vehumet.
Vehumet was noncommittal.
You were hungry.

You visited 1 branch of the dungeon, and saw 4 of its levels.
You also visited: Ossuary.

You collected 156 gold pieces.

Inventory:

Hand Weapons
 k - a cursed -3 short sword (weapon)
Missiles
 c - 7 bolts
Armour
 b - a +0 hat (worn)
 v - a +0 leather armour (worn)
Wands
 u - a wand of flame (15)
Scrolls
 f - a scroll of amnesia {unknown}
 g - 2 scrolls of identify {unknown}
 j - a scroll of blinking {unknown}
 m - 2 scrolls of noise {unknown}
 n - a scroll of remove curse {unknown}
 p - 2 scrolls of enchant armour {unknown}
 q - a scroll of immolation {unknown}
 s - 2 scrolls of teleportation {unknown}
 w - a scroll of random uselessness {unknown}
Potions
 a - a potion of degeneration {unknown}
 e - a potion of might
 h - a potion of flight {unknown}
 i - a potion of brilliance {unknown}
 l - a potion of haste {unknown}
 o - a potion of lignification {unknown}
 r - 2 potions of resistance {unknown}
 x - a potion of ambrosia {unknown}
Comestibles
 d - 5 rations


   Skills:
 - Level 1.2 Fighting
 - Level 1.4 Armour
 - Level 3.0 Dodging
 - Level 3.0 Stealth
 * Level 6.8 Spellcasting
 + Level 3.1 Conjurations
 - Level 1.1 Summonings
 - Level 1.1 Translocations
 + Level 0.9 Air Magic
 - Level 1.0 Poison Magic
 + Level 0.3 Evocations


You had 7 spell levels left.
You knew the following spells:

 Your Spells              Type           Power        Failure   Level  Hunger
a - Magic Dart            Conj           ###.         3%          1    None
b - Mephitic Cloud        Conj/Pois/Air  ###.....     17%         3    None
c - Call Imp              Summ           ##......     12%         2    None
d - Blink                 Tloc           N/A          12%         2    None
e - Conjure Flame         Conj/Fire      ###.....     19%         3    None

Your spell library contained the following spells:

 Spells                   Type           Power        Failure   Level  Hunger
 Slow                     Hex            #.......     19%         2    None


Dungeon Overview and Level Annotations

Branches:
Dungeon (4/15)             Temple (0/1) D:4         Ossuary (1/1)

Altars:
Dithmenos
Kikubaaqudgha
Nemelex Xobeh
Uskayaw
Vehumet


Message History

The hobgoblin zombie hits you.
* * * LOW HITPOINT WARNING * * *
The hobgoblin zombie closely misses you.
The goblin zombie hits you but does no damage.
You open the door. The hobgoblin zombie misses you.
Found a gate leading back out of this place.
There is an open door here.
Really walk into that dart trap?
You avoid triggering a dart trap.
There is a dart trap here.
There is a gate leading back out of this place here.
Really walk into that dart trap?
A poisoned dart shoots out and hits you!
You are lethally poisoned!
* * * LOW HITPOINT WARNING * * *
You feel sick.
There is a dart trap here.
It was a potion of might.
You feel very mighty all of a sudden.
You die...

#####
#@^^#
+^∩^#
#Z^^#
##Z##
#.Z.#
##.Z.##
#.....#
##..M##
#...#


You could see a mummy, a goblin zombie, a hobgoblin zombie, a gnoll zombie and a
kobold zombie.

Vanquished Creatures
  2 vampire bats (D:2)
  2 orc wizards
  An orc priest (D:3)
  6 adders
  An ooze (D:2)
  A worm (D:2)
  4 dart slugs
  2 leopard geckos
  9 orcs
  A ball python (D:1)
  4 bat skeletons (D:2)
  2 bat zombies (D:2)
  6 giant cockroaches
  8 goblins
  5 hobgoblins (D:2)
  5 jackals
  6 kobolds
  A quokka (D:3)
  4 bats
  2 frilled lizards
  A hobgoblin zombie (Ossuary)
  A kobold zombie (Ossuary)
  10 rats
84 creatures vanquished.

Notes
Turn   | Place    | Note
-------+----------+-------------------------------------------
     0 | D:1      | pokeman the Deep Elf Wizard began the quest for the Orb.
     0 | D:1      | Reached XP level 1. HP: 10/10 MP: 7/7
   434 | D:1      | Reached XP level 2. HP: 16/16 MP: 4/9
  1251 | D:2      | Reached skill level 5 in Spellcasting
  1415 | D:2      | Reached XP level 3. HP: 20/20 MP: 7/11
  1426 | D:2      | Learned a level 3 spell: Mephitic Cloud
  1429 | D:2      | Learned a level 2 spell: Call Imp
  1432 | D:2      | Learned a level 2 spell: Blink
  1557 | D:1      | Learned a level 3 spell: Conjure Flame
  1965 | D:2      | Found an ancient bone altar of Kikubaaqudgha.
  1972 | D:2      | Reached skill level 1 in Fighting
  1972 | D:2      | Reached skill level 1 in Armour
  1972 | D:2      | Reached XP level 4. HP: 21/25 MP: 4/13
  2412 | D:2      | Reached skill level 6 in Spellcasting
  2412 | D:2      | Reached XP level 5. HP: 29/29 MP: 7/15
  2489 | D:2      | Found a shadowy altar of Dithmenos.
  3239 | D:3      | Reached skill level 1 in Poison Magic
  3521 | D:3      | Found a shadowy altar of Dithmenos.
  3554 | D:3      | Found a hide-covered altar of Uskayaw.
  3556 | D:3      | Found a radiant altar of Vehumet.
  3557 | D:3      | Found a sparkling altar of Nemelex Xobeh.
  3565 | D:3      | Became a worshipper of Vehumet
  3719 | D:3      | Reached XP level 6. HP: 34/34 MP: 3/17
  4167 | D:4      | Found a staircase to the Ecumenical Temple.
  4338 | D:4      | Found a sand-covered staircase.
  4423 | Ossuary  | Entered an ossuary
  4459 | Ossuary  | HP: 1/34 [poison (a dart trap)]
  4460 | Ossuary  | Succumbed to poison (a dart trap)

Illustrated notes

Levels and vault maps discovered:
D:1:      psy_arrival_radial02, layout_basic, dk_noncrumbling_2
D:2:      cheibrodos_old_hovel, layout_loops_ring, kennysheep_vampire_church,
          grunt_dithmenos_smoke
D:3:      layout_loops_ring, minitemple
D:4:      layout_loops_corners, temple_fountains,
          nicolae_ossuary_entry_false_entrances, first_ration
Ossuary:  ossuary_minmay_chase

Skill      XL: |  1  2  3  4  5  6 |
---------------+-------------------+-----
Spellcasting   | 5 6 |  6.8
Fighting       | 1 |  1.2
Armour         | 1 |  1.4
Conjurations   | 2 3 |  3.1
Dodging        | 3 |  3.0
Poison Magic   | 1 |  1.0
Stealth        | 3 |  3.0
Summonings     | |  1.1
Translocations | |  1.1
Air Magic      | |  0.9
Evocations     | |  0.3

Action                   |  1- 3 |  4- 6 || total
-------------------------+-------+-------++-------
Melee: Short sword       |     9 |    10 ||    19
 Cast: Magic Dart        |    84 |   144 ||   228
       Call Imp          |     1 |       ||     1
       Mephitic Cloud    |       |     3 ||     3
       Conjure Flame     |       |     1 ||     1
  Use: Potion            |       |     1 ||     1
  Eat: Chunk             |     3 |     7 ||    10
Armor: Robe              |     7 |     2 ||     9
       Leather armour    |       |     4 ||     4
Dodge: Dodged            |    45 |    44 ||    89
